 Dungeon Crawl Stone Soup version 0.28.0-53-g5a82cb258f (webtiles) character file.

Game seed: 15337421377854205365

35 buhh the Insei (level 3, 0/24 HPs)
             Began as an Octopode Transmuter on June 16, 2022.
             Slain by a ball python (2 damage)
             ... on level 4 of the Dungeon.
             The game lasted 00:02:37 (1533 turns).

buhh the Insei (Octopode Transmuter)                Turns: 1533, Time: 00:02:38

Health: 0/24       AC:  1    Str:  9    XL:     3   Next: 35%
Magic:  6/6        EV: 12    Int: 17    God:
Gold:   39         SH:  3    Dex: 12    Spells: 5/6 levels left

rFire   . . .      SeeInvis .     - Unarmed
rCold   . . .      Faith    .   g - +0 buckler
rNeg    . . .      Spirit   .   (helmet currently unavailable)
rPois   .          Reflect  .   (no amulet)
rElec   .          Harm     .   (no ring)
rCorr   .          Rampage  .   (no ring)
Will    .....                   (no ring)
Stlth   +++.......              (no ring)
HPRegen 0.08/turn               (no ring)
MPRegen 0.10/turn               (no ring)
                                (no ring)
                                (no ring)

@: appendages (expiring), slowed, very slow
A: tentacle spike 3, almost no armour, amphibious, 8 rings, camouflage 1,
gelatinous body 1, (nimble swimmer 1), tentacles
a: End Transformation


You were on level 4 of the Dungeon.
One of your tentacles had grown a beastly spike.
You visited 1 branch of the dungeon, and saw 3 of its levels.

You collected 39 gold pieces.

Inventory:

Hand Weapons
 e - a +2 antimagic dagger
Armour
 g - a +0 buckler (worn)
Scrolls
 c - a scroll of enchant weapon {unknown}
 f - a scroll of fear {unknown}
Potions
 a - a potion of might {unknown}
 b - a potion of curing {unknown}
 d - a potion of mutation {unknown}


   Skills:
 + Level 2.2 Fighting
 - Level 2.0 Dodging
 - Level 1.0 Stealth
 + Level 3.6 Unarmed Combat
 - Level 2.0 Spellcasting
 - Level 2.0 Transmutations


You had 5 spell levels left.
You knew the following spells:

 Your Spells              Type           Power      Damage    Failure   Level
a - Beastly Appendage     Tmut           16%        N/A       12%         1

Your spell library contained the following spells:

 Spells                   Type           Power      Damage    Failure   Level
 Wereblood                Tmut           8%         N/A       17%         2
 Spider Form              Tmut/Pois      5%         N/A       45%         3
 Ice Form                 Ice/Tmut       5%         N/A       86%         4


Dungeon Overview and Level Annotations

Branches:
Dungeon (2/15)

Altars:

Annotations:
D:4 Natasha


Innate Abilities, Weirdness & Mutations

One of your tentacles has grown a beastly spike.
You cannot wear most types of armour.
You are amphibious.
You can wear up to eight rings at the same time.
Your skin changes colour to match your surroundings (Stealth+).
Your rubbery body absorbs attacks. (AC +1, EV +1)
((You are camouflaged when in or above water. (Stealth+)))
You have tentacles for arms and can constrict up to eight enemies at once.


Message History

You kill the goblin!
No target in view!
You see here a +0 dagger.
You see here a +0 buckler.
Natasha, Servant of Life and Death comes into view.
Found a stone staircase leading down.
You see here a +0 buckler.
g - a +0 buckler You start putting on your armour.
You continue putting on your +0 buckler. x4
You finish putting on your +0 buckler.
One of your tentacles grows a vicious spike.
Natasha hisses angrily.
An orc comes into view. It is wielding a +0 hand axe.
Natasha casts a spell at you. The magic dart hits you.
You hear an angry hiss.
The orc shouts!
Natasha casts a spell at you.
You feel yourself slow down.
A ball python comes into view.
Natasha casts a spell at you. The magic dart hits you.
You barely miss Natasha. You grab Natasha. You squeeze Natasha.
Natasha is lightly wounded.
You constrict Natasha.
Natasha mumbles some strange words.
Natasha claws you!
* * * LOW HITPOINT WARNING * * *
You tentacle-slap Natasha.
Natasha is moderately wounded.
You constrict Natasha. The crimson imp hits you.
* * * LOW HITPOINT WARNING * * *
Natasha closely misses you. You block the ball python's attack.
The ball python misses you.
You tentacle-slap Natasha. You squeeze Natasha!
Natasha is almost dead.
Your transformation is almost over.
You constrict Natasha, but do no damage.
The ball python bites you.
You die...

#.. #.# #.# .
#.######## .#
#.##.....# ..
#.##.###.# ### .#
#.##.# #.# #... ..
.....# #.#####.###.#.#
###..###.......5@ho.##
# #.#..##........S...#
###..#.##.####.#####.#
.....#.##.####.#####.#
####.#.##.............
#)#.#######.####.##
#.#.# #.# #)#.# #.#
#.#.# #.#


You could see Natasha, a crimson imp (summoned), an orc and a ball python.

Vanquished Creatures
  A dart slug (D:1)
  A ball python (D:2)
  An endoplasm (D:1)
  2 giant cockroaches (D:1)
  6 hobgoblins
  4 kobolds (D:1)
  2 quokkas (D:1)
  4 bats
  2 frilled lizards (D:1)
  5 goblins
  2 rats
30 creatures vanquished.

Notes
Turn   | Place    | Note
-------+----------+-------------------------------------------
     0 | D:1      | buhh the Octopode Transmuter began the quest for the Orb.
     0 | D:1      | Reached XP level 1. HP: 13/13 MP: 3/3
   381 | D:1      | Reached XP level 2. HP: 18/18 MP: 3/5
   983 | D:1      | Reached XP level 3. HP: 19/24 MP: 4/6
  1466 | D:2      | You fall into a shaft and drop 2 floors!
  1515 | D:4      | Noticed Natasha
  1533 | D:4      | Slain by a ball python

Illustrated notes

Levels and vault maps discovered:
D:1:      dpeg_arrival_arbitrary_a, layout_basic,
          nicolae_concentric_dashed_squares_wild
D:2:      layout_loops_ring, basic_altar
D:4:      layout_loops_ring, st_stairs_9, chequers_serial_rivers_small_a,
          uniq_ijyb, uniq_natasha, uniq_blork_the_orc

Skill      XL: |  1  2 |
---------------+-------+-----
Stealth        | 1 |  1.0
Fighting       | 2 |  2.2
Dodging        | |  2.0
Unarmed Combat | |  3.6
Spellcasting   | |  2.0
Transmutations | |  2.0

Action                   || total
-------------------------++-------
Melee: Unarmed           ||    58
       Kick              ||    17
       Constrict         ||    17
       Tentacles         ||    15
       Dagger            ||     1
       Punch             ||     1
 Cast: Beastly Appendage ||    17
 Stab: Sleeping          ||     4
Armor: Skin              ||     5
Dodge: Dodged            ||    31
Block: Buckler           ||     1
